 Dungeon Crawl Stone Soup version 0.31-a0-369-g8eba5f6939 (webtiles) character file.

Game seed: 5165185624859685566

7484 floatRand the Grappler (level 10, -8/74 HPs)
             Began as a Purple Draconian Shapeshifter on July 28, 2023.
             Was a Priest of Wu Jian.
             Mangled by a two-headed ogre
             ... wielding a +0 giant club
              (21 damage)
             ... on level 9 of the Dungeon.
             The game lasted 00:14:07 (10692 turns).

floatRand the Grappler (DrSh)                      Turns: 10692, Time: 00:14:08

Health: -8/74      AC:  7    Str: 27    XL:     10   Next: 94%
Magic:  10/10      EV: 12    Int: 10    God:    Wu Jian [***...]
Gold:   360        SH:  0    Dex: 17    Spells: 9/9 levels left

rFire   . .          .
                       - Unarmed
rCold   . . .        (no shield)
rNeg    . . .        (body armour unavailable)
rPois   .            (helmet currently unavailable)
rElec   .            (cloak currently unavailable)
rCorr   .            (gloves currently unavailable)
SInv    .            (boots currently unavailable)
Will    +....        h - amulet of the acrobat
Stlth   ++           g - +6 ring of strength
HPRegen 0.32/turn    v - +6 ring of dexterity
MPRegen 0.12/turn

%: acrobat
@: beast-form, studying Fighting
A: beast (slay +6), breathe power, AC +7, unfitting armour, cold-blooded
a: Breathe Dispelling Energy, Begin Untransformation, Renounce Religion, Wall
Jump, Serpent's Lash


You were on level 9 of the Dungeon.
You worshipped Wu Jian.
Wu Jian was most pleased with you.
You were a hulking beast.
You visited 1 branch of the dungeon, and saw 9 of its levels.
You also visited: Sewer and Ossuary.

You collected 535 gold pieces.
You spent 175 gold pieces at shops.

Inventory:

Missiles
 y - 2 throwing nets
Armour
 d - a +0 pair of gloves
 B - a +2 pair of boots
Jewellery
 g - a +6 ring of strength (left hand)
 h - an amulet of the acrobat (around neck)
 v - a +6 ring of dexterity (right hand)
 x - an amulet of magic regeneration
 C - a ring of ice
 F - an amulet of faith
 G - a ring of see invisible
Talismans
 b - a beast talisman
 k - a maw talisman
Wands
 c - a wand of iceblast (15)
 m - a wand of digging (7)
 p - a wand of polymorph (7)
 t - a wand of paralysis (13)
 z - a wand of light (7)
 D - a wand of flame (13)
Scrolls
 e - a scroll of amnesia
 l - 4 scrolls of teleportation
 q - 4 scrolls of blinking
 A - a scroll of summoning
Potions
 a - 4 potions of lignification
 f - 3 potions of attraction
 i - 2 potions of might
 j - a potion of mutation
 n - 2 potions of heal wounds
 o - a potion of invisibility
 r - 6 potions of curing
 s - a potion of ambrosia
 u - 2 potions of enlightenment
 w - 2 potions of resistance {unknown}
 E - a potion of brilliance {unknown}


   Skills:
 + Level 2.5 Fighting
 - Level 1.7 Dodging
 * Level 13.9 Unarmed Combat
 + Level 8.8 Shapeshifting


You had 9 spell levels left.
You didn't know any spells.
Your spell library contained the following spells:

 Spells                   Type           Power      Damage    Failure   Level
 Ensorcelled Hibernation  Hex/Ice        0%         N/A       50%         2
 Passwall                 Tmut/Erth      0%         N/A       50%         2
 Swiftness                Air            0%         N/A       75%         3
 Summon Ice Beast         Ice/Summ       0%         N/A       98%         4
 Summon Mana Viper        Hex/Summ       0%         N/A       100%        5
 Malign Gateway           Summ/Tloc      0%         N/A       100%        7
 Monstrous Menagerie      Summ           0%         N/A       100%        7
 Summon Horrible Things   Summ           0%         N/A       100%        8


Dungeon Overview and Level Annotations

Branches:
Dungeon (9/15)             Temple (0/1) D:6           Sewer (visited)
Ossuary (visited)
   Lair: D:8-11         Orc: D:9-12

Altars:
Fedhas
Gozag
Kikubaaqudgha
Makhleb
Okawaru
Trog
Wu Jian
Yredelemnul

Shops:
D:2 :**(?

Annotations:
D:2 2 transporters


Innate Abilities, Weirdness & Mutations

You are a hulking beast.
Your limbs bulge with bestial killing power. (Slay +6)
You can breathe bolts of dispelling energy.
Your rich purple scales are hard. (AC +7)
You cannot fit into any form of body armour.
You are cold-blooded and may be slowed by cold attacks.


Message History

The steam dragon is severely wounded.
The steam dragon breathes steam at you. The ball of steam hits you!
You hear two shouts!
You barely miss the steam dragon.
The steam dragon is severely wounded.
You are engulfed in a cloud of scalding steam.
The steam dragon bites you.
* * * LOW HITPOINT WARNING * * *
The steam dragon claws you.
* * * LOW HITPOINT WARNING * * *
You closely miss the steam dragon. You tail-slap the steam dragon.
You punch the steam dragon.
You kill the steam dragon!
The Council accepts your kill.
Unknown command.
Aiming: Bolt of Light
Press: ? - help, Shift-Dir - straight line
Okay, then.
Aiming: Bolt of Light
Press: ? - help, Shift-Dir - straight line, f - two-headed ogre
Aim: a two-headed ogre, wielding two +0 giant clubs (86% to hit)
The bolt of light hits the two-headed ogre!
The two-headed ogre is moderately wounded.
The two-headed ogre is blinded.
Aiming: Bolt of Light
Press: ? - help, Shift-Dir - straight line, f/p - two-headed ogre
Aim: a two-headed ogre, wielding two +0 giant clubs (moderately wounded, blind, 86% to hit)
The bolt of light hits the two-headed ogre.
The two-headed ogre is heavily wounded.
Aiming: Bolt of Light
Press: ? - help, Shift-Dir - straight line, f/p - two-headed ogre
Aim: a two-headed ogre, wielding two +0 giant clubs (heavily wounded, blind, 86% to hit)
The bolt of light misses the two-headed ogre.
You punch the two-headed ogre!
The two-headed ogre is heavily wounded.
The two-headed ogre hits you with a +0 giant club!
* * * LOW HITPOINT WARNING * * *
The two-headed ogre hits you with a +0 giant club!!
You die...

#..###.........###)).....#
#.## #######....##.......#
#.## #..#..##..#####
...### #..##..#.##
.....#######..###...#
....................##
#.##.................#
..##..###..........((#
.####.##..##....h..###
................O..#
..###..#####.......#
#..##..# #.......#
##.##..# #).##.### #..#..#
#).#..# ##....# ##..#.##
####...# #...#.# ..##...#
##.#.#.#


You could see a two-headed ogre (blind).

Vanquished Creatures
  The ghost of Vorhees the Magician, a novice DjAr (D:6)
  An unseen horror (D:7)
  The ghost of sigonnn the Insei, a novice OpSh of Dithmenos (D:5)
  A wraith (D:9)
  9 yaks
  A wyvern (D:8)
  2 steam dragons
  2 water moccasins
  Pargi (Sewer)
  3 orc warriors
  An ice beast (D:5)
  4 black bears
  A sky beast (D:8)
  An ogre (D:6)
  4 centaurs
  A phantom (D:4)
  2 kobold brigands
  6 bullfrogs
  11 scorpions
  4 wights (D:9)
  15 killer bees
  A howler monkey (D:6)
  4 hounds
  2 centaur zombies (Ossuary)
  A jelly (D:6)
  A gnoll bouda (D:8)
  2 human zombies (Ossuary)
  2 orc priests (D:5)
  4 scorpion zombies (Ossuary)
  5 sleepcaps
  2 iguanas (D:5)
  Ijyb (D:3)
  3 orc wizards
  4 mummies
  5 adders
  11 gnolls
  2 dart slugs (D:1)
  17 orcs
  10 ball pythons
  4 endoplasms
  3 giant cockroaches
  4 gnoll zombies (Ossuary)
  19 goblins
  11 hobgoblins
  14 jackals
  2 quokkas (D:2)
  14 bats
  2 frilled lizards
  4 goblin zombies
  2 hobgoblin zombies (Ossuary)
  18 kobolds
  2 kobold zombies (Ossuary)
  An orc zombie (Ossuary)
  11 rats
260 creatures vanquished.

Notes
Turn   | Place    | Note
-------+----------+-------------------------------------------
     0 | D:1      | floatRand the Draconian Shapeshifter began the quest for
                  | the Orb.
     0 | D:1      | Reached XP level 1. HP: 16/16 MP: 1/1
     5 | D:1      | Found a faded altar of an unknown god.
    70 | D:1      | Reached XP level 2. HP: 21/23 MP: 2/2
   318 | D:1      | Reached XP level 3. HP: 27/28 MP: 3/3
   436 | D:2      | Found Ostila's General Store.
   512 | D:2      | Reached skill level 4 in Unarmed Combat
   663 | D:2      | Found Qunytanu's Book Emporium.
   717 | D:2      | Found a transporter.
   876 | D:2      | Found a transporter.
   876 | D:2      | Found Wuleopn's Assorted Antiques.
   939 | D:2      | Found Anefu's Antique Weapon Shop.
  1312 | D:2      | Found Doyfar's Magic Scroll Shop.
  1328 | D:2      | Bought a scroll of teleportation for 39 gold pieces
  1328 | D:2      | Bought a scroll of identify for 26 gold pieces
  1328 | D:2      | Bought a scroll of noise for 13 gold pieces
  1585 | D:3      | Found a glowing drain.
  1608 | D:3      | Reached XP level 4. HP: 35/35 MP: 4/4
  1629 | Sewer    | Entered a sewer
  1664 | Sewer    | Noticed Pargi
  1683 | Sewer    | Killed Pargi
  1684 | Sewer    | Reached skill level 5 in Unarmed Combat
  1684 | Sewer    | Reached XP level 5. HP: 22/40 MP: 5/5
  2093 | D:3      | Noticed Ijyb
  2219 | D:3      | Killed Ijyb
  2282 | D:3      | Found an iron altar of Okawaru.
  2672 | D:2      | Bought a scroll of blinking for 97 gold pieces
  3096 | D:4      | Reached XP level 6. HP: 22/47 MP: 6/6
  3234 | D:4      | Found an ancient bone altar of Kikubaaqudgha.
  3423 | D:4      | Reached skill level 6 in Unarmed Combat
  3777 | D:5      | Entered Level 5 of the Dungeon
  3897 | D:5      | Found an ornate altar of the Wu Jian Council.
  3960 | D:5      | Became a worshipper of the Wu Jian Council
  3977 | D:5      | Your scales start taking on a rich purple colour.
  3977 | D:5      | Reached XP level 7. HP: 40/52 MP: 7/7
  4039 | D:5      | Found a blossoming altar of Fedhas.
  4064 | D:5      | Found a basalt altar of Yredelemnul.
  4121 | D:5      | Found a bloodstained altar of Trog.
  4123 | D:5      | Reached skill level 7 in Unarmed Combat
  4133 | D:5      | Reached skill level 5 in Shapeshifting
  4213 | D:5      | Found a runed translucent gate.
  4213 | D:5      | Found a runed translucent gate.
  4235 | D:5      | Found a runed translucent gate.
  4237 | D:5      | Noticed sigonnn's ghost (novice OpSh)
  4446 | D:5      | Reached skill level 8 in Unarmed Combat
  4551 | D:5      | Reached XP level 8. HP: 58/59 MP: 8/8
  4848 | D:5      | Found a burning altar of Makhleb.
  5269 | D:6      | Reached skill level 9 in Unarmed Combat
  5272 | D:6      | Reached * piety under Wu Jian
  5281 | D:6      | Reached skill level 10 in Unarmed Combat
  5285 | D:6      | Reached XP level 9. HP: 7/64 MP: 9/9
  5487 | D:6      | Found an opulent altar of Gozag.
  5715 | D:6      | Found a staircase to the Ecumenical Temple.
  5858 | D:6      | Found a runed translucent door.
  5861 | D:6      | Noticed Vorhees's ghost (novice DjAr)
  6597 | D:7      | Reached skill level 11 in Unarmed Combat
  7067 | D:7      | Reached ** piety under Wu Jian
  7260 | D:7      | Reached skill level 12 in Unarmed Combat
  7268 | D:7      | Reached XP level 10. HP: 57/71 MP: 10/10
  7891 | D:6      | Killed Vorhees's ghost
  8009 | D:5      | Killed sigonnn's ghost
  8207 | D:8      | Found a sand-covered staircase.
  8230 | Ossuary  | Entered an ossuary
  8356 | Ossuary  | Reached skill level 13 in Unarmed Combat
  8406 | Ossuary  | Reached *** piety under Wu Jian
 10592 | D:9      | Noticed a two-headed ogre
 10692 | D:9      | Mangled by a two-headed ogre

Illustrated notes

Levels and vault maps discovered:
D:1:      wander_arrival_peaceful_grave, layout_rooms, basic_ecumenical_altar
D:2:      layout_basic, serial_shops, nicolae_shop_drivethru, shop, shop, shop,
          nicolae_shop_tiny_waterfront, serial_curves, eino_curves_03,
          eino_curves_02, eino_curves_04
D:3:      kennysheep_goblin_castle, layout_loops_ring,
          kennysheep_okawaru_gauntlet, cheibrodos_sewer_entry_drain
D:4:      kennysheep_the_goblin_king, layout_rooms,
          mainiacjoe_overflow_surrounded_room, hangedman_abyss_or_decor_stagger,
          kennysheep_generic_room_6
D:5:      layout_loops_ring, trog_ov_bears_minmay,
          nicolae_overflow_quartered_altars, biasface_ghost_orc_armoury,
          kennysheep_generic_room_11
D:6:      layout_loops_corners, nicolae_gozag_seed_capital,
          minmay_temple_entry_arrows, ebering_ghost_reflecting_pool
D:7:      layout_loops_corners
D:8:      layout_layer_cave, nicolae_ossuary_entry_giza,
          minmay_misc_feat_nine_boxes, minmay_between
D:9:      layout_rooms, nicolae_qazlal_eye_of_the_storm, uniq_erolcha,
          uniq_psyche

Skill      XL: |  1  2  3  4  5  6  7  8  9 10 |
---------------+-------------------------------+-----
Unarmed Combat | 4 5 6 8 10 12 13 | 13.9
Shapeshifting  | 4 5 6 7 8 |  8.8
Fighting       | 2 |  2.5
Dodging        | |  1.7

Action                     |  1- 3 |  4- 6 |  7- 9 | 10-12 || total
---------------------------+-------+-------+-------+-------++-------
  Melee: Unarmed           |   100 |   153 |   216 |   201 ||   670
         Tailslap          |     6 |    18 |    38 |    30 ||    92
         Punch             |     2 |     6 |    13 |    17 ||    38
Ability: Lunge             |       |       |    21 |    16 ||    37
         Breathe Dispellin |       |       |     3 |     2 ||     5
         Whirlwind         |       |       |       |     6 ||     6
  Evoke: Wand              |       |       |       |     3 ||     3
    Use: Scroll            |     4 |     4 |     2 |     6 ||    16
         Potion            |       |       |     2 |       ||     2
   Stab: Sleeping          |     1 |       |     5 |     2 ||     8
 Armour: Skin              |    26 |    66 |    49 |    50 ||   191
  Dodge: Dodged            |    58 |   135 |   113 |   112 ||   418

Table legend: (Time is in decaauts)
 A = Elapsed time spent in this place.
 B = Non-inter-level travel time spent in this place.
 C = Inter-level travel time spent in this place.
 D = Time resting spent in this place.
 E = Time spent auto-exploring this place.
 F = Levels seen in this place.
 G = Mean time per level.
                   A        B        C        D        E       F      G
               +--------+--------+--------+--------+--------+-----+--------+
         Total |  10606 |  10091 |    515 |   1307 |   6178 |  11 |  964.2 |
       Dungeon |  10270 |   9755 |    515 |   1307 |   6130 |   9 | 1141.1 |
         Sewer |     93 |     93 |      0 |      0 |      0 |   1 |   93.0 |
       Ossuary |    242 |    242 |      0 |      0 |     48 |   1 |  242.0 |
               +--------+--------+--------+--------+--------+-----+--------+

Top non-repeatable levels by time:
     D:6: 1703 daAuts
     D:8: 1656 daAuts
     D:5: 1407 daAuts
     D:7: 1390 daAuts
     D:2: 1206 daAuts
     D:3: 1196 daAuts
     D:4: 885 daAuts
     D:1: 413 daAuts
     D:9: 409 daAuts
 Ossuary: 242 daAuts
   Sewer: 93 daAuts
